And, neutral male human Monk ----------- |..[..*...| |....*M...| |....@....| |..*Z%....| |....?....| ----------- 2 And the Initiate Experience level: 7 Strength: 18/03 Dexterity: 17 Constitution: 17 Intelligence: 10 Wisdom: 17 Charisma: 11 Health: 0(45) Energy: 53(53) Def: 9 Gold: 650 Moves: 16937 Dungeon seed: J9ksQNWe9jFCi2Gh Game ID: And_1548696282 Your Inventory: Coins $ - 650 gold pieces Weapons h - 32 +0 daggers t - 24 +0 darts A - a +0 dagger Armor n - an uncursed +2 pair of leather gloves (being worn) o - a blessed +1 dwarvish iron helm (being worn) q - an uncursed +0 dwarvish cloak y - a blessed +1 pair of iron shoes (being worn) Comestibles d - an uncursed food ration L - 2 uncursed lizard corpses Z - an uncursed lichen corpse Spellbooks D - an uncursed spellbook of healing Potions x - a cursed potion of speed Rings i - a blessed +1 ring of gain constitution F - an uncursed ring of shock resistance Y - a blessed +3 ring of increase damage (on left hand) Wands a - a wand of teleportation (0:0) k - a wand of striking (0:2) B - a wand of slow monster (0:6) G - a wand of digging (0:8) I - a wand of slow monster (0:7) R - a wand of make invisible (0:4) Tools b - an uncursed bag of holding e - an uncursed leash g - an uncursed skeleton key m - 3 uncursed tallow candles (0:200) s - a +0 unicorn horn u - an uncursed stethoscope H - an uncursed towel S - a blessed oil lamp (0:0) V - an uncursed mirror Contents of the bag of holding: 3029 gold pieces a +1 dagger a +0 dagger a +1 dart a +0 elven dagger 4 +0 elven daggers a +0 orcish dagger a +0 orcish dagger a blessed poisoned +1 dart a poisoned +1 dart 2 poisoned +0 darts an uncursed +0 pair of elven boots an uncursed +0 pair of low boots 4 uncursed tripe rations an uncursed scroll of blank paper an uncursed scroll of charging a blessed scroll of confuse monster an uncursed scroll of confuse monster 2 uncursed scrolls of earth 4 uncursed scrolls of enchant armor an uncursed scroll of enchant weapon 2 uncursed scrolls of food detection an uncursed scroll of genocide 2 uncursed scrolls of light an uncursed scroll of remove curse an uncursed scroll of taming a cursed potion of acid an uncursed potion of confusion a cursed potion of levitation an uncursed potion of monster detection an uncursed potion of object detection a blessed potion of sickness a cursed potion of sickness a cursed ring of aggravate monster a cursed ring of regeneration an uncursed ring of warning a wand of digging (0:7) a wand of digging (0:4) a wand of slow monster (0:7) a wand of striking (0:4) a wand of teleportation (0:5) a wand of teleportation (0:3) a +0 pick-axe Spells and supernatural/magical abilities: Name Level Category Fail Memory z - sleep 1 enchantment 69% 16% W - pray for help -- divine ? -- Your skills at the end: Fighting Skills martial arts [Master] Weapon Skills Spellcasting Skills healing spells [Basic] Final Attributes: You were piously aligned. You were sleep resistant. You were poison resistant. You saw invisible. You were telepathic. You were warned. You were stealthy. You had a +3 damage bonus. You were fast. You are dead. Vanquished creatures: 2 ghosts 2 giant mimics a water elemental a small mimic 2 tigers 5 tengu 2 leocrottas an elf mummy a wraith a carnivorous ape 4 leather golems a Grey-elf a soldier a succubus a chameleon a giant beetle a quivering blob 2 cockatrices 10 wolves a spotted jelly 2 leprechauns 2 iron piercers a mumak a scorpion 2 black lights 3 gnome kings an orc mummy a brown pudding an owlbear a yeti a werewolf 3 Green-elves 2 lizards a chickatrice 2 dogs 2 dingos a housecat 3 jaguars 4 dwarf lords a blue jelly a white unicorn 3 dust vortices a raven a plains centaur 2 gnome mummies a snake 3 apes 6 human zombies a rope golem 2 Woodland-elves 11 soldier ants an imp a wood nymph a water nymph 2 mountain nymphs 3 Mordor orcs 2 rock piercers 3 rock moles a pony a fog cloud 5 yellow lights 3 shriekers a violet fungus 9 gnome lords 7 gnomish wizards a kobold mummy a golden naga hatchling a guardian naga hatchling 2 gray oozes a barrow wight 8 elf zombies a ghoul a straw golem a baby crocodile 6 giant ants a little dog 6 floating eyes 3 kittens 11 dwarves 2 homunculi 2 kobold lords 3 kobold shamans 7 hill orcs 13 rothes 2 rabid rats 2 centipedes 4 giant bats 3 monkeys 19 orc zombies 7 dwarf zombies a wererat 3 iguanas 5 killer bees a coyote 2 gas spores 3 hobbits 5 manes 6 large kobolds 2 hobgoblins 9 giant rats 10 cave spiders 3 brown molds 5 yellow molds 4 green molds 4 red molds 39 gnomes 6 garter snakes 2 gnome zombies 7 geckos 10 jackals a fox 4 kobolds 2 goblins 6 sewer rats 17 grid bugs 5 bats 10 lichens 2 kobold zombies 12 newts 442 creatures vanquished. Voluntary challenges: You had followed a strict vegan diet until turn 2081. You had followed a strict vegetarian diet until turn 2081. You used a wielded weapon 10 times, starting on turn 1754. You read items or engraved 103 times, starting on turn 826. You never genocided any monsters. You never polymorphed an object. You changed form 1 time, starting on turn 13768. You used no wishes. You never split a pudding. You wrote Elbereth's name 84 times, starting on turn 2481. You violated your moral code, losing 51 points of alignment, starting on turn 2081. Dungeon overview: The Dungeons of Doom: levels 1 to 10 Level 1 an altar to Huan Ti, some fountains a long staircase Level 2 a general store Level 3 a potion shop stairs to The Gnomish Mines Level 4 a general store Level 5 a sink Level 6 Level 7 Level 8 many fountains Level 9 a fountain, a sink stairs to Sokoban Level 10 The Gnomish Mines: levels 4 to 12 Level 4 stairs to The Dungeons of Doom Level 5 Level 6 many shops, a temple to Huan Ti, some fountains Level 7 Level 8 Level 9 Level 10 Level 11 Level 12 <- You were here Sokoban: levels 5 to 8 Level 5 Level 6 Level 7 Level 8 stairs to The Dungeons of Doom History has recorded: On T:1 you entered the Dungeons of Doom to retrieve the Amulet of Yendor! On T:70 you reached level 2 of The Dungeons of Doom. On T:529 you advanced to experience level 2. On T:639 you reached level 3 of The Dungeons of Doom. On T:906 you advanced to experience level 3. On T:1311 you reached level 1 of The Gnomish Mines. On T:1318 you advanced to experience level 4. On T:1669 you reached level 4 of The Dungeons of Doom. On T:2178 you reached level 5 of The Dungeons of Doom. On T:2335 you advanced to experience level 5. On T:3212 you advanced to experience level 6. On T:3740 you reached level 6 of The Dungeons of Doom. On T:4195 you reached level 7 of The Dungeons of Doom. On T:4570 you reached level 8 of The Dungeons of Doom. On T:4953 you advanced to experience level 7. On T:5462 you reached level 9 of The Dungeons of Doom. On T:5652 you reached level 10 of The Dungeons of Doom. On T:5813 you reached level 4 of Sokoban. On T:6275 you advanced to experience level 8. On T:7002 you reached level 3 of Sokoban. On T:7865 you reached level 2 of Sokoban. On T:8764 you reached level 1 of Sokoban. On T:10756 you advanced to experience level 9. On T:12020 you reached level 2 of The Gnomish Mines. On T:12061 you reached level 3 of The Gnomish Mines. On T:12284 you reached level 4 of The Gnomish Mines. On T:12650 you reached level 5 of The Gnomish Mines. On T:13929 you reached level 6 of The Gnomish Mines. On T:14618 you reached level 7 of The Gnomish Mines. On T:16721 you reached level 8 of The Gnomish Mines. On T:16932 you reached level 9 of The Gnomish Mines. Score breakdown: Gold: 3679 (12129 points) Experience: 7 levels (13645 points) Exploration: 12 levels ( 24.49%) (14361 points) Discoveries: 54 items ( 19.29%) (13174 points) Valuables value: (no points given unless you survive) Artifact value: 0 ( 0 points) Variety of kills: 119 monsters ( 31.23%) (16766 points) Turncount: 16937 turns (-3157 points) Survival: died (score multiplied by 80%) Total score: 53534 Latest messages: You shudder for a moment. Your tallow candle is consumed! Its flame dies. You kill the dwarf! There are a few objects here. You have a little trouble lifting A - a dagger. You have a little trouble lifting B - a wand of slow monster. You fall down the stairs. Please move the cursor to an unknown object. Never mind. You kill the gas spore! You are caught in the gas spore's explosion! You destroy the gnome zombie! You destroy the kobold mummy! You hit the ettin mummy! The ettin mummy hits! (2x) You hit the ettin mummy! The ettin mummy hits! (2x) You hit the ettin mummy! The gnome zombie hits! The ettin mummy hits! (2x) You die... Final status: Goodbye And the Monk, killed by an ettin mummy... You died in The Gnomish Mines on dungeon level 12 with 53534 points, and 3679 pieces of gold, after 16937 moves. You were level 7 with a maximum of 45 hit points when you died.